 Dungeon Crawl Stone Soup version 0.23.1 (webtiles) character file.

Game seed: 13454699725309773366

466 Giel the Skirmisher (level 7, -3/61 HPs)
             Began as a Hill Orc Monk on Mar 18, 2019.
             Slain by an orc warrior
             ... wielding a +0 glaive
              (15 damage)
             ... on level 5 of the Dungeon.
             The game lasted 00:11:14 (3830 turns).

Giel the Skirmisher (Hill Orc Monk)                 Turns: 3830, Time: 00:11:15

Health: -3/61      AC:  5    Str: 16    XL:     7   Next: 8%
Magic:  7/7        EV:  9    Int: 10    God:
Gold:   250        SH:  8    Dex: 13    Spells: 6/6 levels left

rFire    . . .     SeeInvis .   j - +0 hand axe (venom)
rCold    . . .     Gourm    .   v - +0 shield
rNeg     . . .     Faith    .   u - +0 ring mail
rPois    .         Spirit   .   (no helmet)
rElec    .         Reflect  .   (no cloak)
rCorr    .         Harm     .   (no gloves)
MR       .....                  (no boots)
Stlth    ++........             (no amulet)
HPRegen  0.20/turn              (no ring)
MPRegen  0.10/turn              (no ring)

@: no status effects
A: no striking features
a: no special abilities


You were on level 5 of the Dungeon.
You were not hungry.

You visited 1 branch of the dungeon, and saw 6 of its levels.

You collected 250 gold pieces.

Inventory:

Hand Weapons
 a - a +0 spear
 j - a +0 hand axe of venom (weapon)
Armour
 b - a +0 robe
 u - a +0 ring mail (worn)
 v - a +0 shield (worn)
Wands
 w - a wand of paralysis (2)
 x - a wand of random effects (11)
Scrolls
 d - a scroll of blinking {unknown}
 f - 4 scrolls of teleportation
 g - a scroll of fear {unknown}
 h - 4 scrolls of identify
 i - 2 scrolls of enchant armour {unknown}
 k - 2 scrolls of fog {unknown}
 l - 2 scrolls of magic mapping {unknown}
 o - 2 scrolls of amnesia {unknown}
 r - a scroll of enchant weapon {unknown}
Potions
 e - 6 potions of curing
 m - a potion of brilliance {unknown}
 n - a potion of heal wounds {unknown}
 p - 2 potions of haste {unknown}
 q - 2 potions of ambrosia {unknown}
 s - 2 potions of resistance {unknown}
 t - a potion of flight {unknown}
Comestibles
 c - 8 rations


   Skills:
 + Level 5.1 Fighting
 + Level 3.2(4.3) Axes
 - Level 3.7(4.1) Polearms
 + Level 2.7 Armour
 + Level 3.5 Dodging
 + Level 3.0 Stealth
 + Level 2.3 Shields


You had 6 spell levels left.
You didn't know any spells.
Your spell library was empty.

Dungeon Overview and Level Annotations

Branches:
Dungeon (6/15)
 Temple: D:4-7

Altars:
Cheibriados
Elyvilon
Fedhas
Gozag
Hepliaklqana
Sif Muna
Uskayaw
Zin
The Shining One

Shops:
D:5 [


Message History

You closely miss the orc warrior. The orc warrior barely misses you.
You hit the orc warrior.
The orc warrior is lightly wounded.
You block the orc warrior's attack.
Your shield and ring mail prevent you from hitting the orc warrior.
The orc warrior is moderately wounded.
The orc warrior barely misses you.
You hit the orc warrior but do no damage.
The orc warrior looks as sick as possible!
The orc warrior is moderately wounded.
You hit the orc warrior but do no damage.
The orc warrior looks as sick as possible!
The orc warrior is heavily wounded.
The orc warrior hits you with a +0 glaive!!
* * * LOW HITPOINT WARNING * * *
You hit the orc warrior.
The orc warrior looks as sick as possible!
The orc warrior is heavily wounded.
The orc warrior hits you with a +0 glaive!
You die...

######## #......#
#.####.# #.####.#######
#######.##>..o@....#
#..........#.###.#.#
#.#######....##....# #.#
##.....#.....# ### #.#
#.......#....# ##.## #.#
#.......##.#.######...##
#.#
#.......##.#...........#
#.#
##.....###.########...###
#.#######...####'##
#........#


You could see an orc warrior.

Vanquished Creatures
  A centaur (D:5)
  Blork the orc (D:5)
  A howler monkey (D:5)
  3 hounds
  An iguana (D:5)
  2 worker ants
  4 adders
  2 oozes
  4 worms
  4 leopard geckos
  An orc (D:5)
  3 bats
  5 giant cockroaches
  4 goblins
  7 hobgoblins
  6 jackals
  6 kobolds
  3 quokkas
  A ball python (D:2)
  6 frilled lizards
  5 rats
70 creatures vanquished.

Notes
Turn   | Place    | Note
-------+----------+-------------------------------------------
     0 | D:1      | Giel the Hill Orc Monk began the quest for the Orb.
     0 | D:1      | Reached XP level 1. HP: 19/19 MP: 1/1
   230 | D:1      | Reached XP level 2. HP: 25/27 MP: 2/2
   907 | D:2      | Reached skill level 4 in Fighting
   907 | D:2      | Reached XP level 3. HP: 23/33 MP: 3/3
  1297 | D:2      | Reached skill level 1 in Axes
  1314 | D:2      | Reached XP level 4. HP: 16/40 MP: 4/4
  1316 | D:2      | Reached skill level 1 in Armour
  1996 | D:3      | Found a faded altar of an unknown god.
  2231 | D:3      | Found a blossoming altar of Fedhas.
  2283 | D:3      | Found a snail-covered altar of Cheibriados.
  2283 | D:3      | Found a deep blue altar of Sif Muna.
  2390 | D:4      | Reached skill level 1 in Shields
  2390 | D:4      | Reached XP level 5. HP: 35/47 MP: 5/5
  2688 | D:4      | Noticed an ogre
  2712 | D:5      | Entered Level 5 of the Dungeon
  2731 | D:5      | Noticed Blork the orc
  2742 | D:5      | Killed Blork the orc
  2742 | D:5      | Reached XP level 6. HP: 20/53 MP: 6/6
  3061 | D:5      | Found Touliat's Armour Boutique.
  3128 | D:5      | Found a hide-covered altar of Uskayaw.
  3581 | D:5      | Reached skill level 5 in Fighting
  3697 | D:5      | Reached XP level 7. HP: 51/61 MP: 7/7
  3714 | D:5      | Found a glowing golden altar of the Shining One.
  3763 | D:5      | Found an opulent altar of Gozag.
  3763 | D:5      | Found a hazy altar of Hepliaklqana.
  3767 | D:5      | Found a white marble altar of Elyvilon.
  3769 | D:5      | Found a glowing silver altar of Zin.
  3808 | D:6      | Found a snail-covered altar of Cheibriados.
  3830 | D:5      | Slain by an orc warrior

Skill      XL: |  1  2  3  4  5  6 |
---------------+-------------------+-----
Fighting       | 4 5 |  5.1
Axes           | 1 2 3 |  3.2
Stealth        | 2 3 |  3.0
Armour         | 1 2 |  2.7
Dodging        | 3 |  3.5
Shields        | 1 2 |  2.3
Polearms       | |  3.7

Action                   |  1- 3 |  4- 6 |  7- 9 || total
-------------------------+-------+-------+-------++-------
Melee: Spear             |    64 |       |       ||    64
       Hand axe          |    42 |   140 |    10 ||   192
Evoke: Wand              |       |       |     4 ||     4
  Use: Potion            |     2 |       |       ||     2
       Scroll            |       |     2 |       ||     2
 Stab: Sleeping          |     7 |     2 |       ||     9
  Eat: Chunk             |     1 |     8 |       ||     9
Armor: Robe              |    16 |     7 |       ||    23
       Ring mail         |       |    25 |     3 ||    28
Dodge: Dodged            |    87 |    61 |     5 ||   153
Block: Shield            |       |    37 |     4 ||    41
